[Event "Titled Tuesday Blitz May 24 Late 2022"]
[White "Vasquez Schroeder, Rodrigo"]
[Black "Blackman, Justin"]
[WhiteFideId "3400042"]
[BlackFideId "11100516"]
[WhiteElo "2567"]
[BlackElo "2112"]
[Result "1-0"]
[Round "02"]
[TimeControl "180+1"]
[Date "2022.05.25"]
[WhiteClock "0:01:46"]
[BlackClock "0:00:05"]

1. e4 e5 2. Nf3 Nc6 3. Bb5 Nge7 4. c3 a6 5. Ba4 d6 6. d4 Bd7 7. d5 Nb8 8. c4 g6 9. h4 h6 10. h5 g5 11. Nh2 Bg7 12. Nf1 f5 13. exf5 Nxf5 14. Nc3 O-O 15. Bc2 b5 16. Nd2 bxc4 17. Nxc4 a5 18. O-O Na6 19. Ne4 Qe8 20. a3 a4 21. Be3 Rb8 22. Rb1 Bb5 23. Bd3 Qf7 24. Be2 Ne7 25. Nc3 Bd7 26. Nxd6 cxd6 27. Bxa6 Bf5 28. Bd3 Bd7 29. Be2 Rb7 30. Bg4 Bxg4 31. Qxg4 Nxd5 32. Nxd5 Qxd5 33. Qxa4 Rb3 34. Rfd1 Qb7 35. Rxd6 Rxb2 36. Rxb2 Qxb2 37. Rd1 1-0


[Site "https://www.chess.com"]

[Event "Titled Tuesday Blitz May 24 Late 2022"]
[White "Vega Gutierrez, Sabrina"]
[Black "Tristan, Leonardo"]
[WhiteFideId "2219026"]
[BlackFideId "113816"]
[WhiteElo "2286"]
[BlackElo "2404"]
[Result "1-0"]
[Round "02"]
[TimeControl "180+1"]
[Date "2022.05.25"]
[WhiteClock "0:00:26"]
[BlackClock "0:01:03"]

1. e4 d5 2. exd5 Qxd5 3. Nf3 Bg4 4. Be2 Nc6 5. d4 O-O-O 6. c4 Qf5 7. Be3 Bxf3 8. Bxf3 Nxd4 9. Bxd4 Qe6+ 10. Be2 c5 11. O-O cxd4 12. Bf3 Qd6 13. Na3 a6 14. c5 Qc7 15. c6 Kb8 16. cxb7 e5 17. Qa4 Qb6 18. Nc4 Qb5 19. Qxb5 axb5 20. Nxe5 Ne7 21. Nxf7 Rd7 22. Nxh8 Nf5 23. Rac1 Nd6 24. Rfe1 Be7 25. Bc6 Rc7 26. Bd5 Rd7 27. Nf7 Nxb7 28. Bc6 Rc7 29. Bxb5 Nc5 30. Ne5 Bd6 31. b4 d3 32. Nc6+ Kb7 33. bxc5 d2 34. cxd6 Rd7 35. Na5+ Kb6 36. Bxd7 Kxa5 37. Bg4 Kb6 38. d7 dxe1=Q+ 39. Rxe1 Kc7 40. Re8 h5 41. d8=Q+ Kb7 42. Re6 Ka7 43. Qb6+ Ka8 44. Re8# 1-0


[Site "https://www.chess.com"]

[Event "Titled Tuesday Blitz May 24 Late 2022"]
[White "Vivas Zamora, Fabian Ernesto"]
[Black "Saim, Mohamed Ilias"]
[WhiteFideId "3902480"]
[BlackFideId "7900465"]
[WhiteElo "1987"]
[BlackElo "2006"]
[Result "1-0"]
[Round "02"]
[TimeControl "180+1"]
[Date "2022.05.25"]
[WhiteClock "0:00:11"]
[BlackClock "0:00:01"]

1. c4 Nf6 2. Nc3 e6 3. e4 d5 4. e5 d4 5. exf6 dxc3 6. bxc3 Qxf6 7. d4 c5 8. Nf3 cxd4 9. cxd4 Bb4+ 10. Bd2 Bxd2+ 11. Qxd2 O-O 12. Bd3 Nc6 13. Be4 Bd7 14. O-O Rfd8 15. Rab1 Rab8 16. Qe3 Be8 17. d5 exd5 18. Bxd5 Bd7 19. Ng5 Ne5 20. f4 Ng4 21. Qg3 Nh6 22. Bxb7 Bf5 23. Rb3 Bc2 24. Rb5 Rd3 25. Qf2 Ba4 26. Rb4 Bc6 27. Qxa7 Rxb7 28. Rxb7 Bxb7 29. Qxb7 g6 30. Qb8+ Kg7 31. Qe5 Qxe5 32. fxe5 Re3 33. Nf3 Re4 34. Rc1 Nf5 35. c5 Ne7 36. c6 Nc8 37. c7 Kf8 38. Kf2 Ke7 39. Rc5 Ra4 40. Rc2 Ra7 41. Ke3 Kd7 42. Ng5 1-0


[Site "https://www.chess.com"]

[Event "Titled Tuesday Blitz May 24 Late 2022"]
[White "Vovk, Orest"]
[Black "Chyngyz, Sultai"]
[WhiteFideId "14113490"]
[BlackFideId "13803158"]
[WhiteElo "2203"]
[BlackElo "1365"]
[Result "0-1"]
[Round "02"]
[TimeControl "180+1"]
[Date "2022.05.25"]
[WhiteClock "0:00:03"]
[BlackClock "0:00:08"]

1. h4 Nf6 2. h5 e5 3. d4 e4 4. d5 Bc5 5. h6 g6 6. Nc3 d6 7. Bf4 Bf5 8. e3 Nbd7 9. Nge2 Qe7 10. Nd4 Bxd4 11. Qxd4 O-O-O 12. Bg5 Rhe8 13. Qxa7 Nb6 14. Nb5 Qe5 15. Bxf6 Qxf6 16. O-O-O Bg4 17. Rd2 Re5 18. c4 Rf5 19. f3 exf3 20. gxf3 Rxf3 21. Bd3 Rxe3 22. Rf1 Qe7 23. a4 Be2 24. Bxe2 Rxe2 25. Rxe2 Qxe2 26. Rxf7 Qxc4+ 27. Kb1 Qe4+ 28. Ka1 Qxa4+ 29. Qxa4 Nxa4 30. Rxc7+ Kb8 31. Rxh7 Nb6 32. Rg7 Nxd5 33. h7 Nf6 34. Rf7 Ne4 35. Re7 Nf6 36. Rf7 Ne4 37. Kb1 d5 38. Kc2 Rh8 39. Kd3 Ng5 40. Rg7 Nxh7 41. Kd4 Nf6 42. Kc5 Rc8+ 43. Kb6 Ne8 44. Rxb7+ Ka8 45. Ra7+ Kb8 46. Re7 Ka8 47. Nc7+ Nxc7 48. Re3 d4 49. Ra3+ Kb8 50. Ra6 Nd5+ 51. Kb5 Nc7+ 52. Ka5 Nxa6 0-1


[Site "https://www.chess.com"]

[Event "Titled Tuesday Blitz May 24 Late 2022"]
[White "Vujic, Mihailo"]
[Black "Stanisz, Patryk"]
[WhiteFideId "918873"]
[BlackFideId "1123106"]
[WhiteElo "2256"]
[BlackElo "1833"]
[Result "1-0"]
[Round "02"]
[TimeControl "180+1"]
[Date "2022.05.25"]
[WhiteClock "0:02:10"]
[BlackClock "0:00:03"]

1. e4 c5 2. c3 Nf6 3. e5 Nd5 4. d4 cxd4 5. Nf3 Nc6 6. Bc4 Nb6 7. Bb3 d5 8. exd6 Qxd6 9. Na3 Be6 10. O-O Bxb3 11. axb3 e6 12. Nb5 Qd8 13. Nfxd4 Nxd4 14. Qxd4 Be7 15. Qxd8+ Bxd8 16. Rxa7 Rxa7 17. Nxa7 O-O 18. Be3 Nd5 19. Nb5 Nxe3 20. fxe3 Bb6 21. Kf2 Rd8 22. Ke2 Rd5 23. Nd4 h6 24. Rd1 e5 25. Nf3 Rxd1 26. Kxd1 f6 27. e4 Kf7 28. Ke2 Ke6 29. Kd3 g5 30. g4 Bf2 31. h3 Kd6 32. b4 Kc6 33. c4 Kd6 34. b5 Kc5 35. Kc3 b6 36. b4+ Kd6 37. Kd3 Bg3 38. Nd2 Be1 39. Ke2 Bg3 40. Nb3 Bh2 41. c5+ Kc7 42. Kd3 Bg1 43. Kc4 Bf2 44. Kd5 Be1 45. c6 Bxb4 46. Ke6 Be1 47. Kxf6 Bf2 48. Kxe5 Bg3+ 49. Ke6 Kb8 50. e5 h5 51. Kf6 hxg4 52. hxg4 Bf4 53. e6 Ka7 54. e7 Bc7 55. e8=Q Bd8+ 56. Ke6 Bc7 57. Kd7 Bd8 58. Kxd8 Ka8 59. Kc7+ Ka7 60. Qb8# 1-0


[Site "https://www.chess.com"]

[Event "Titled Tuesday Blitz May 24 Late 2022"]
[White "Wachinger, Nikolas"]
[Black "Demchenko, Anton"]
[WhiteFideId "12962791"]
[BlackFideId "4160258"]
[WhiteElo "2227"]
[BlackElo "2539"]
[Result "1/2-1/2"]
[Round "02"]
[TimeControl "180+1"]
[Date "2022.05.24"]
[WhiteClock "0:00:11"]
[BlackClock "0:00:06"]

1. d4 Nf6 2. Nf3 g6 3. c4 Bg7 4. e3 d6 5. Be2 O-O 6. Nc3 Nbd7 7. O-O e5 8. Qc2 Re8 9. b4 e4 10. Nd2 Qe7 11. Bb2 Nf8 12. Rfc1 h5 13. a4 h4 14. h3 g5 15. Qd1 Ng6 16. Nf1 Bf5 17. Nh2 Qd7 18. Ng4 Bxg4 19. Bxg4 Nxg4 20. Qxg4 f5 21. Qxg5 Kf7 22. Nd5 Rh8 23. c5 c6 24. cxd6 Rag8 25. Ne7 Nxe7 26. Qxe7+ Qxe7 27. dxe7 Kxe7 28. b5 Kd7 29. Rab1 Rc8 30. d5 Bxb2 31. dxc6+ bxc6 32. Rxb2 c5 33. Rd2+ Ke6 34. Rcd1 Rc7 35. Rd6+ Ke7 36. Ra6 c4 37. Rc1 Rhc8 38. Rc3 Rd8 39. Kf1 Rd3 40. Rc2 Rb3 41. Ke2 c3 42. Rh6 Rb2 43. Kd1 Rb1+ 44. Ke2 Rb2 45. Kd1 Rb1+ 46. Ke2 Rb2 1/2-1/2


[Site "https://www.chess.com"]

[Event "Titled Tuesday Blitz May 24 Late 2022"]
[White "Ward, Ieuan C"]
[Black "Cervantes Landeiro, Thalia"]
[WhiteFideId "406627"]
[BlackFideId "3520498"]
[WhiteElo "2320"]
[BlackElo "2021"]
[Result "1-0"]
[Round "02"]
[TimeControl "180+1"]
[Date "2022.05.25"]
[WhiteClock "0:00:18"]
[BlackClock "0:00:25"]

1. d4 Nf6 2. c4 g6 3. Nc3 d5 4. cxd5 Nxd5 5. e4 Nxc3 6. bxc3 Bg7 7. Nf3 c5 8. Rb1 O-O 9. Be2 cxd4 10. cxd4 Qa5+ 11. Bd2 Qxa2 12. O-O Bg4 13. d5 Nd7 14. Rxb7 Nc5 15. Rxe7 Bf6 16. Rc7 Nxe4 17. Bh6 Rfe8 18. Bb5 Red8 19. Bc4 Qa5 20. Rc6 Rac8 21. Qc2 Bf5 22. Qb3 Rb8 23. Qe3 Rd6 24. Rxd6 Nxd6 25. Rc1 Nxc4 26. Rxc4 Qxd5 27. Rc1 a5 28. Re1 Be6 29. Ng5 Re8 30. Nxe6 Rxe6 31. Qc1 Rxe1+ 32. Qxe1 Qe6 33. Qxa5 Qc8 34. Qd2 Be7 35. h3 Bf8 36. Bxf8 Kxf8 37. Qe3 Qc2 38. g3 Qc6 39. Kh2 Kg7 40. h4 h5 41. Kg1 Qf6 42. Kg2 Qb2 43. Qf3 Qc2 44. Qe3 Qc6+ 45. Qf3 Qf6 46. Qxf6+ Kxf6 47. Kf3 Kf5 48. Kg2 Ke4 49. Kf1 Kf3 50. Kg1 f6 51. Kf1 g5 52. hxg5 fxg5 53. Kg1 Ke2 54. Kg2 g4 55. Kg1 Ke1 56. Kg2 Ke2 57. Kg1 Kf3 58. Kf1 Ke4 59. Kg2 Kd3 60. f3 gxf3+ 61. Kxf3 Kd4 62. Kf4 Kd5 63. Kf5 Kd6 64. Kf6 Kd5 65. Kg5 Ke4 66. Kxh5 Kf5 67. g4+ Kf6 68. Kh6 Kf7 69. Kh7 Kf8 70. g5 Kf7 71. g6+ Kf6 72. g7 Kf5 73. g8=Q Kf4 74. Qg6 Kf3 75. Qg5 Kf2 76. Qg4 Ke3 77. Kg6 Kd2 78. Qf3 Ke1 79. Kf5 Kd2 80. Ke4 Ke1 81. Qg2 Kd1 82. Kd3 1-0


[Site "https://www.chess.com"]

[Event "Titled Tuesday Blitz May 24 Late 2022"]
[White "Winkels, Marcel"]
[Black "Martin Carmona, Gaston Manuel"]
[WhiteFideId "1003887"]
[BlackFideId "22284567"]
[WhiteElo "1900"]
[BlackElo "2162"]
[Result "0-1"]
[Round "02"]
[TimeControl "180+1"]
[Date "2022.05.25"]
[WhiteClock "0:00:15"]
[BlackClock "0:00:53"]

1. e4 c5 2. Nc3 d6 3. f4 g6 4. Nf3 Bg7 5. Bc4 Nc6 6. O-O Nf6 7. e5 dxe5 8. fxe5 Nxe5 9. Bb5+ Ned7 10. d3 O-O 11. Bg5 a6 12. Ba4 b5 13. Bb3 Bb7 14. Qd2 Nb6 15. a3 Rc8 16. Bh6 c4 17. Bxg7 Kxg7 18. dxc4 bxc4 19. Ba2 Qxd2 20. Nxd2 Rfd8 21. Rad1 Rd7 22. a4 a5 23. Nf3 Rxd1 24. Rxd1 Bc6 25. Nb5 Bxf3 26. gxf3 Nxa4 27. Rd4 Nxb2 28. c3 Rc5 29. Na3 Na4 30. Rxc4 Rxc4 31. Nxc4 Nxc3 32. Bb3 a4 33. Bc2 Nfd5 34. Kf2 Nb4 35. Ne3 a3 36. Bb3 a2 37. Bxa2 Nbxa2 38. Ng4 Nb4 39. Ke3 Ncd5+ 40. Kd4 Nf6 41. Ne5 Nc2+ 42. Kd3 Ne1+ 43. Ke2 Ng2 44. Nd3 Nd5 45. Kf2 Ngf4 46. Ne5 Kf6 47. Ng4+ Ke6 48. h3 h5 49. Ne3 Nxe3 50. Kxe3 Nxh3 51. f4 Kf5 52. Kf3 Nxf4 53. Kg3 e5 54. Kf3 g5 55. Kg3 e4 56. Kf2 Kg4 57. Ke3 h4 58. Kxe4 h3 59. Ke3 h2 60. Kd4 h1=Q 61. Ke5 Qd5+ 62. Kf6 Qe6+ 63. Kg7 Nh5+ 64. Kf8 Qd7 65. Kg8 f5 66. Kh8 Qg7# 0-1


[Site "https://www.chess.com"]

[Event "Titled Tuesday Blitz May 24 Late 2022"]
[White "Yanayt, Eugene"]
[Black "Kim, Sergey"]
[WhiteFideId "2020165"]
[BlackFideId "13700570"]
[WhiteElo "2046"]
[BlackElo "2558"]
[Result "1-0"]
[Round "02"]
[TimeControl "180+1"]
[Date "2022.05.25"]
[WhiteClock "0:00:03"]
[BlackClock "0:00:18"]

1. d4 Nf6 2. c4 g6 3. Nc3 Bg7 4. e4 d6 5. Nf3 O-O 6. Be2 e5 7. O-O exd4 8. Nxd4 Re8 9. f3 Nbd7 10. Bg5 c6 11. Qd2 a5 12. b3 Nc5 13. Rfd1 Qb6 14. Kh1 a4 15. Rab1 axb3 16. axb3 Nfd7 17. b4 Na4 18. Nxa4 Rxa4 19. Be3 Qc7 20. Nb3 Bf8 21. Bf4 Ne5 22. Qc3 Bg7 23. Qd2 Be6 24. Na5 b6 25. Qc2 Ra3 26. Bc1 Rxa5 27. bxa5 bxa5 28. Ba3 c5 29. Qa4 Nc6 30. Rb5 Ra8 31. Rdb1 Bc8 32. Bd1 Nd4 33. Rb6 h5 34. Bc1 Be5 35. f4 Bg7 36. Be3 h4 37. Qe8+ Kh7 38. Bxd4 cxd4 39. Rc6 Qd7 40. Qxd7 Bxd7 41. Rc7 Be6 42. Rbb7 Rc8 43. Rxc8 Bxc8 44. Rxf7 Be6 45. Ra7 Bxc4 46. Rxa5 d3 47. e5 dxe5 48. fxe5 d2 49. Kg1 Bf8 50. Kf2 Kh6 51. Ra4 Bb5 52. Rxh4+ Kg5 53. Rg4+ Kf5 54. Rg3 Kxe5 55. Re3+ Kf4 56. Rf3+ Ke5 57. Rxf8 1-0


[Site "https://www.chess.com"]

[Event "Titled Tuesday Blitz May 24 Late 2022"]
[White "Yang, Kaiqi"]
[Black "Jacobson, Brandon"]
[WhiteFideId "8604398"]
[BlackFideId "30901561"]
[WhiteElo "2373"]
[BlackElo "2362"]
[Result "0-1"]
[Round "02"]
[TimeControl "180+1"]
[Date "2022.05.24"]
[WhiteClock "0:00:02"]
[BlackClock "0:00:17"]

1. d4 Nf6 2. c4 e6 3. Bf4 d5 4. cxd5 exd5 5. Nc3 Bd6 6. Bxd6 Qxd6 7. e3 c6 8. Bd3 O-O 9. Qc2 Bg4 10. h3 Bh5 11. Nge2 Bg6 12. Bxg6 hxg6 13. O-O-O Nbd7 14. h4 b5 15. Kb1 Nb6 16. Nf4 b4 17. Nce2 Ne4 18. h5 g5 19. Nd3 Nc4 20. Qa4 Rab8 21. Nec1 Qf6 22. f3 Nxe3 23. fxe4 Nxd1 24. Rxd1 dxe4 25. Ne5 Qf5 26. Nxc6 Rbe8 27. Qxa7 e3+ 28. Ka1 e2 29. Nxe2 Qc2 30. Rc1 Qxe2 31. d5 Qd2 32. Qc5 Re1 33. Kb1 Rfe8 34. d6 Rxc1+ 35. Qxc1 Re1 36. Ne7+ Kf8 37. Qxe1 Qxe1+ 38. Kc2 Qe2+ 39. Kb3 Qd3+ 40. Ka4 Qxd6 0-1


[Site "https://www.chess.com"]

[Event "Titled Tuesday Blitz May 24 Late 2022"]
[White "Yurovskykh, Oleksandr"]
[Black "Gross, Nicholas"]
[WhiteFideId "14134020"]
[BlackFideId "30921961"]
[WhiteElo "2292"]
[BlackElo "1958"]
[Result "1-0"]
[Round "02"]
[TimeControl "180+1"]
[Date "2022.05.25"]
[WhiteClock "0:00:13"]
[BlackClock "0:00:23"]

1. d4 Nf6 2. Nf3 g6 3. Bg5 Bg7 4. Nbd2 O-O 5. c3 d6 6. e4 h6 7. Bh4 g5 8. Bg3 Nh5 9. Nc4 Nd7 10. Nfd2 Nxg3 11. hxg3 e6 12. Ne3 f5 13. exf5 exf5 14. Bd3 Qe7 15. Qe2 Nb6 16. Kf1 Bd7 17. Re1 Rae8 18. Nec4 Qf7 19. Qh5 Qxh5 20. Rxh5 Bb5 21. Rh1 a6 22. b3 d5 23. Nb2 Bd7 24. f3 Nc8 25. b4 Nd6 26. Kf2 Bb5 27. Bc2 Bd7 28. Bb3 c6 29. Bc2 Nb5 30. Nb1 Nd6 31. a4 Kf7 32. Nd2 Kf6 33. Nd3 b6 34. Rxe8 Bxe8 35. Ra1 Ke6 36. a5 b5 37. Nc5+ Ke7 38. Nxa6 g4 39. f4 Ne4+ 40. Nxe4 fxe4 41. Ke3 h5 42. Rh1 Bh6 43. Nc5 Kd6 44. Bd1 Kc7 45. Nb3 Bg7 46. Nd2 Bf6 47. Nf1 Rh8 48. Kf2 Kb7 49. Ne3 Ka6 50. Be2 h4 51. gxh4 Bxh4+ 52. Kf1 g3 53. Bg4 Bf6 54. Rxh8 Bxh8 55. Nf5 Bf6 56. Nxg3 Bh4 57. Ne2 Bf7 58. g3 Be7 59. Kf2 c5 60. dxc5 Bf6 61. Nd4 Be8 62. Ke3 Bd7 63. Bxd7 Kb7 64. Bxb5 Kc7 65. Ba4 Bg7 66. b5 Bf6 67. b6+ 1-0


[Site "https://www.chess.com"]

[Event "Titled Tuesday Blitz May 24 Late 2022"]
[White "Zakhartsov, Vladimir"]
[Black "Ezat, Mohamed"]
[WhiteFideId "4145097"]
[BlackFideId "10600906"]
[WhiteElo "2428"]
[BlackElo "2386"]
[Result "1-0"]
[Round "02"]
[TimeControl "180+1"]
[Date "2022.05.24"]
[WhiteClock "0:01:59"]
[BlackClock "0:01:41"]

1. d4 Nf6 2. c4 g6 3. Nc3 Bg7 4. e4 d6 5. h3 O-O 6. Be3 c5 7. d5 b5 8. cxb5 a6 9. a4 Nbd7 10. Nf3 axb5 11. Bxb5 Ba6 12. O-O Nb6 13. Qe2 Bxb5 14. axb5 Qc8 15. Ra6 Qb7 16. Rfa1 e6 17. dxe6 fxe6 18. e5 Nfd5 19. exd6 Nxc3 20. bxc3 Bxc3 21. Rxa8 Rxa8 22. Rxa8+ Qxa8 23. Bxc5 Nd5 24. Qxe6+ Kg7 25. d7 Bf6 26. Qe8 Qa1+ 27. Kh2 h5 28. d8=Q Bxd8 29. Bd4+ Bf6 30. Bxa1 1-0


[Site "https://www.chess.com"]

[Event "Titled Tuesday Blitz May 24 Late 2022"]
[White "Zamorano, Jorge"]
[Black "Halak, Miklos"]
[WhiteFideId "173770"]
[BlackFideId "726400"]
[WhiteElo "2331"]
[BlackElo "2197"]
[Result "1/2-1/2"]
[Round "02"]
[TimeControl "180+1"]
[Date "2022.05.25"]
[WhiteClock "0:00:06"]
[BlackClock "0:00:12"]

1. e4 e5 2. Nf3 Nc6 3. Bb5 a6 4. Ba4 b5 5. Bb3 Na5 6. O-O d6 7. Re1 Bb7 8. c3 Nxb3 9. axb3 Be7 10. d4 Bf6 11. Nbd2 Ne7 12. Nf1 O-O 13. Ng3 g6 14. Bh6 Re8 15. Qd2 exd4 16. cxd4 c5 17. Qf4 Nc6 18. e5 dxe5 19. dxe5 Bg7 20. Nh5 Bh8 21. Bg5 Ne7 22. Nf6+ Bxf6 23. Bxf6 Nd5 24. Qh4 Nxf6 25. exf6 Bxf3 26. gxf3 Qb6 27. Re7 Rf8 28. Rae1 Rad8 29. Kg2 Rd5 30. R1e4 Rh5 31. Qf4 Rf5 32. Qc7 Qxf6 33. Re3 Qg5+ 34. Kf1 Qh5 35. Ke2 Rf6 36. Qd7 Rf5 37. Qd6 Qh6 38. Qxa6 Qg7 39. Qxb5 Qf6 40. Qc4 Rd8 41. Kf1 Rd1+ 42. Ke2 Rd4 43. Re8+ Kg7 44. Qc3 Qd6 45. R8e4 Rf6 46. Rd3 Rxd3 47. Qxd3 Qc6 48. Qc3 Kg8 49. Kf1 h6 50. b4 cxb4 51. Qxc6 Rxc6 52. Rxb4 Rc1+ 53. Kg2 Rc2 54. f4 Kg7 55. Kf3 Kf6 56. Rb6+ Kg7 57. h4 h5 58. f5 Rc4 59. fxg6 fxg6 60. Kg3 Rg4+ 61. Kh3 Rf4 62. Kg3 Rg4+ 63. Kh3 Rf4 64. b4 Rxf2 65. b5 Rb2 66. Rb7+ Kf6 67. Rb6+ Kg7 68. Rb7+ Kf6 69. Rb6+ Kg7 1/2-1/2


[Site "https://www.chess.com"]

[Event "Titled Tuesday Blitz May 24 Late 2022"]
[White "Zherebtsova, Alexandra"]
[Black "Tanenbaum, Zachary"]
[WhiteFideId "24129518"]
[BlackFideId "2060850"]
[WhiteElo "2025"]
[BlackElo "2168"]
[Result "0-1"]
[Round "02"]
[TimeControl "180+1"]
[Date "2022.05.25"]
[WhiteClock "0:00:03"]
[BlackClock "0:00:38"]

1. d4 d5 2. Nf3 Bf5 3. c4 e6 4. Nc3 c6 5. Qb3 Qb6 6. c5 Qc7 7. Bf4 Qc8 8. Nh4 Bg6 9. Nxg6 hxg6 10. e3 Nf6 11. h3 Nbd7 12. Qc2 Be7 13. b4 Bd8 14. b5 Bc7 15. Bxc7 Qxc7 16. Be2 O-O 17. f4 b6 18. cxb6 Nxb6 19. Rc1 c5 20. O-O Rac8 21. Qb2 Nbd7 22. a4 Qb6 23. Rfd1 Rc7 24. Qa3 Rfc8 25. a5 Qb8 26. dxc5 Nxc5 27. Na2 Nce4 28. Rxc7 Qxc7 29. Rc1 Qd8 30. Qb4 Rxc1+ 31. Nxc1 Qc7 32. Nb3 Qc2 33. Kf1 Ng3+ 34. Kg1 Nxe2+ 35. Kh2 Qd1 0-1


[Site "https://www.chess.com"]

[Event "Titled Tuesday Blitz May 24 Late 2022"]
[White "Zhigalko, Sergei"]
[Black "Halkias, Stelios"]
[WhiteFideId "13502956"]
[BlackFideId "4201809"]
[WhiteElo "2662"]
[BlackElo "2453"]
[Result "1-0"]
[Round "02"]
[TimeControl "180+1"]
[Date "2022.05.24"]
[WhiteClock "0:01:00"]
[BlackClock "0:01:30"]

1. e4 c5 2. Nf3 d6 3. d4 cxd4 4. Qxd4 Nc6 5. Bb5 Bd7 6. Bxc6 bxc6 7. c4 e5 8. Qd3 Qc7 9. O-O Ne7 10. Be3 Ng6 11. c5 d5 12. exd5 cxd5 13. Nc3 d4 14. Bxd4 exd4 15. Qe4+ 1-0


[Site "https://www.chess.com"]

[Event "Titled Tuesday Blitz May 24 Late 2022"]
[White "Zhurbinsky, David"]
[Black "Gorodetzky, David"]
[WhiteFideId "2072904"]
[BlackFideId "2813416"]
[WhiteElo "2570"]
[BlackElo "2494"]
[Result "0-1"]
[Round "02"]
[TimeControl "180+1"]
[Date "2022.05.24"]
[WhiteClock "0:00:53"]
[BlackClock "0:02:08"]

1. e4 e5 2. Nf3 Nc6 3. Bb5 a6 4. Ba4 Nf6 5. O-O Bc5 6. c3 O-O 7. d4 Ba7 8. Bc2 d6 9. h3 h6 10. Re1 Re8 11. d5 Ne7 12. Be3 Bxe3 13. Rxe3 Ng6 14. Nbd2 Nf4 15. Nf1 g5 16. N3h2 h5 17. Rg3 Nh7 18. h4 g4 19. f3 Kh8 20. fxg4 hxg4 21. Nxg4 Qxh4 22. Qf3 Ng5 23. Qd1 Rg8 24. Nfe3 Qxg3 0-1


[Site "https://www.chess.com"]

[Event "Titled Tuesday Blitz May 24 Late 2022"]
[White "Adewumi, Tanitoluwa"]
[Black "Medeiros Jr, Francisco De Assis"]
[WhiteFideId "30966396"]
[BlackFideId "2114267"]
[WhiteElo "2509"]
[BlackElo "2003"]
[Result "1-0"]
[Round "03"]
[TimeControl "180+1"]
[Date "2022.05.25"]
[WhiteClock "0:01:20"]
[BlackClock "0:00:54"]

1. e4 c6 2. d4 d5 3. e5 g6 4. Bd3 h5 5. c3 Bh6 6. Bxh6 Nxh6 7. h3 Bf5 8. Bxf5 Nxf5 9. Ne2 e6 10. a4 c5 11. Na3 cxd4 12. cxd4 Nc6 13. Nc2 Qa5+ 14. Qd2 Qxd2+ 15. Kxd2 a5 16. g4 Nfe7 17. Na3 Na7 18. Nb5 Nxb5 19. axb5 b6 20. Nc3 hxg4 21. hxg4 Kd7 22. Na4 Kc7 23. b3 Kb7 24. Ke3 g5 25. f4 gxf4+ 26. Kxf4 Ng6+ 27. Kg5 Rag8 28. Kf6 Nf4 29. Rxh8 Rxh8 30. Rf1 Ne2 31. Kxf7 Nxd4 32. g5 Nxb5 33. g6 1-0


[Site "https://www.chess.com"]

[Event "Titled Tuesday Blitz May 24 Late 2022"]
[White "Al-Tarboush, Ward"]
[Black "Roque Sola, Gisela"]
[WhiteFideId "7601450"]
[BlackFideId "5120241"]
[WhiteElo "2294"]
[BlackElo "1863"]
[Result "1-0"]
[Round "03"]
[TimeControl "180+1"]
[Date "2022.05.25"]
[WhiteClock "0:02:57"]
[BlackClock "0:02:22"]

1. e4 e6 2. d4 d5 3. exd5 exd5 4. Bd3 Nc6 5. Nf3 Bd6 6. O-O Nge7 7. Re1 O-O 8. Nbd2 Re8 9. Nf1 Nf5 10. Rxe8+ Qxe8 11. c3 Bd7 12. Ng3 Nxg3 13. hxg3 Ne7 14. Bf4 Bxf4 15. gxf4 Bg4 16. Bxh7+ Kxh7 17. Ng5+ Kg8 18. Qxg4 Qc8 19. Qh4 Qf5 20. Re1 Ng6 21. Qh7+ 1-0


[Site "https://www.chess.com"]

[Event "Titled Tuesday Blitz May 24 Late 2022"]
[White "Ardila, Oscar Humberto"]
[Black "Mikhalsky, Vladimir"]
[WhiteFideId "4404742"]
[BlackFideId "14144352"]
[WhiteElo "1928"]
[BlackElo "2301"]
[Result "0-1"]
[Round "03"]
[TimeControl "180+1"]
[Date "2022.05.25"]
[WhiteClock "0:00:20"]
[BlackClock "0:00:16"]

1. d4 Nf6 2. c4 g6 3. Nc3 Bg7 4. e4 O-O 5. Nf3 d6 6. Be2 e5 7. dxe5 dxe5 8. Qxd8 Rxd8 9. Bg5 c6 10. O-O h6 11. Bh4 Re8 12. Rad1 Na6 13. Rd6 Nh5 14. Rfd1 Nf4 15. Rd8 Bg4 16. Rxa8 Rxa8 17. Rd7 Nc5 18. Rd2 Nxe2+ 19. Rxe2 Bxf3 20. gxf3 g5 21. Bg3 Rd8 22. b4 Ne6 23. Kg2 h5 24. h3 Rd3 25. Re3 Rd4 26. b5 Rxc4 27. bxc6 bxc6 28. Ne2 Rc2 29. Kf1 Rxa2 30. Rc3 c5 31. Rb3 a5 32. Rb8+ Kh7 33. h4 a4 34. hxg5 Nxg5 35. Nc3 Ra1+ 36. Kg2 a3 37. Ra8 Ne6 38. Ra7 Kg6 39. Ra6 Bf6 40. Nd5 c4 41. Ra4 h4 42. Bh2 Nf4+ 43. Bxf4 exf4 44. Rxc4 a2 45. Rc6 Rg1+ 46. Kxg1 a1=Q+ 47. Kg2 h3+ 48. Kxh3 Qh1+ 49. Kg4 Qh4# 0-1


[Site "https://www.chess.com"]

[Event "Titled Tuesday Blitz May 24 Late 2022"]
[White "Arnold, Ken"]
[Black "Bernal Moro, Luis Javier"]
[WhiteFideId "2056836"]
[BlackFideId "2200236"]
[WhiteElo "2295"]
[BlackElo "2373"]
[Result "0-1"]
[Round "03"]
[TimeControl "180+1"]
[Date "2022.05.25"]
[WhiteClock "0:01:30"]
[BlackClock "0:01:12"]

1. d4 Nf6 2. c4 g6 3. Nc3 Bg7 4. Nf3 O-O 5. Bf4 c5 6. e3 cxd4 7. exd4 d5 8. c5 b6 9. b4 a5 10. a3 axb4 11. axb4 Rxa1 12. Qxa1 Nc6 13. b5 Nb4 14. Qb1 bxc5 15. dxc5 Qa5 16. Bd2 Bf5 17. Ne4 Nxe4 18. Bxb4 Bc3+ 0-1


[Site "https://www.chess.com"]

[Event "Titled Tuesday Blitz May 24 Late 2022"]
[White "Avramidou, Anastasia"]
[Black "Papasimakopoulos, Alexandros"]
[WhiteFideId "4239873"]
[BlackFideId "4244125"]
[WhiteElo "2183"]
[BlackElo "2340"]
[Result "0-1"]
[Round "03"]
[TimeControl "180+1"]
[Date "2022.05.25"]
[WhiteClock "0:00:03"]
[BlackClock "0:00:54"]

1. c4 f5 2. Nc3 Nf6 3. Nf3 d6 4. d4 g6 5. g3 Bg7 6. Bg2 O-O 7. O-O e6 8. Re1 Ne4 9. Bf4 Nc6 10. Qd3 Nxc3 11. Qxc3 e5 12. dxe5 Qe8 13. Qb3 dxe5 14. Be3 e4 15. Ng5 h6 16. Nh3 g5 17. f3 Nd4 18. Qd1 c5 19. fxe4 f4 20. gxf4 Bxh3 21. Bxh3 Qxe4 22. Qd3 Qxd3 23. exd3 Nf3+ 24. Kg2 Nxe1+ 25. Rxe1 Rae8 26. fxg5 hxg5 27. Bd2 Rxe1 28. Bxe1 Bxb2 29. Bf2 b6 30. Bg3 Kg7 31. Be6 Bd4 32. Bd5 Re8 33. Be4 Be5 34. Bf2 Rh8 35. h3 Kf6 36. Be3 Bf4 37. Bf2 Ke5 38. Bg1 Rb8 39. Bc6 Kd6 40. Be4 b5 41. cxb5 Rxb5 42. Kf3 Ra5 43. h4 Rxa2 44. h5 Bc1 45. h6 g4+ 46. Kxg4 Bxh6 47. Kh5 Bf4 48. Kg4 Be5 49. Kf5 Bd4 0-1


[Site "https://www.chess.com"]

[Event "Titled Tuesday Blitz May 24 Late 2022"]
[White "Barria Zuniga, Daniel"]
[Black "Kamsky, Gata"]
[WhiteFideId "3400816"]
[BlackFideId "2000024"]
[WhiteElo "2414"]
[BlackElo "2645"]
[Result "0-1"]
[Round "03"]
[TimeControl "180+1"]
[Date "2022.05.24"]
[WhiteClock "0:00:01"]
[BlackClock "0:00:39"]

1. c4 e5 2. g3 Nc6 3. Bg2 Bc5 4. Nc3 a6 5. e3 Ba7 6. Nge2 d6 7. d4 Nge7 8. d5 Nb8 9. h3 f5 10. f4 Nd7 11. Rb1 O-O 12. b4 Kh8 13. O-O Ng8 14. Kh2 Ngf6 15. Qc2 e4 16. Nd4 Bxd4 17. exd4 b5 18. c5 Re8 19. Be3 Nf8 20. Rfd1 Ng6 21. a4 bxa4 22. Qxa4 Ne7 23. Qa2 Nexd5 24. Nxd5 Be6 25. Nc3 Bxa2 26. Nxa2 Nd5 27. Bd2 Qf6 28. Nc3 Qxd4 29. Be1 Qxc3 30. Rxd5 Qc2 31. Rbd1 Rad8 32. Kg1 e3 33. cxd6 Rxd6 34. Rxd6 cxd6 35. Rxd6 Qb1 36. Kf1 h6 37. Bc6 Rb8 38. Bd7 Rxb4 39. Be6 Rb8 0-1


[Site "https://www.chess.com"]